 Dungeon Crawl Stone Soup version 0.24-a0-275-g6f7e2cb4ba (webtiles) character file.

Game seed: 1593545086479583167

197 Redear the Covered (level 5, 0/45 HPs)
             Began as a Demigod Fighter on Apr 28, 2019.
             Slain by Grinder (7 damage)
             ... while paralysed by Grinder
             ... on level 3 of the Dungeon.
             The game lasted 00:05:46 (3250 turns).

Redear the Covered (Demigod Fighter)                Turns: 3250, Time: 00:05:47

Health: 0/45       AC:  9    Str: 26    XL:     5   Next: 22%
Magic:  7/7        EV:  2    Int: 12    God:
Gold:   197        SH:  0    Dex: 15    Spells: 4/4 levels left

rFire    . . .     SeeInvis .   a - +0 war axe
rCold    . . .     Gourm    .   (no shield)
rNeg     . . .     Faith    .   b - +0 scale mail
rPois    .         Spirit   .   n - +0 helmet
rElec    .         Reflect  .   (no cloak)
rCorr    .         Harm     .   (no gloves)
MR       .....                  m - +0 pair of boots
Stlth    ..........             (no amulet)
HPRegen  0.15/turn              (no ring)
MPRegen  0.10/turn              (no ring)

@: paralysed, mighty
A: high mp 1
a: no special abilities


You were on level 3 of the Dungeon.
You were not hungry.

You visited 1 branch of the dungeon, and saw 3 of its levels.

You collected 197 gold pieces.

Inventory:

Hand Weapons
 a - a +0 war axe (weapon)
 y - a +3 halberd
Armour
 b - a +0 scale mail (worn)
 c - a +0 shield
 h - a +0 hat
 m - a +0 pair of boots (worn)
 n - a +0 helmet (worn)
Jewellery
 p - an uncursed amulet of magic regeneration {unknown}
 s - an uncursed ring of positive energy {unknown}
Scrolls
 e - a scroll of fog {unknown}
 g - 5 scrolls of remove curse {unknown}
 l - 4 scrolls of identify {unknown}
 r - 2 scrolls of blinking {unknown}
 t - a scroll of teleportation {unknown}
 u - 3 scrolls of enchant weapon {unknown}
 v - a scroll of fear {unknown}
Potions
 f - a potion of haste {unknown}
 i - 2 potions of lignification {unknown}
 j - a potion of mutation {unknown}
 k - a potion of agility {unknown}
 o - a potion of resistance {unknown}
 q - a potion of degeneration {unknown}
 w - a potion of heal wounds {unknown}
 Q - a potion of curing {@q2}
Comestibles
 x - 5 chunks of flesh
 z - 5 rations


   Skills:
 + Level 3.4 Fighting
 + Level 2.8 Axes
 + Level 3.5 Armour
 + Level 1.9 Dodging
 + Level 3.4 Shields


You had 4 spell levels left.
You didn't know any spells.
Your spell library was empty.

Dungeon Overview and Level Annotations

Branches:
Dungeon (3/15)

Annotations:
D:3 Grinder


Innate Abilities, Weirdness & Mutations

You have an increased reservoir of magic. (+10% MP)


Message History

Grinder hits you. x2; You writhe in agony.
You take 10 damage, and have 25/45 hp.
MASSIVE DAMAGE!!
You are too injured to fight recklessly!
You are too injured to fight recklessly!
You are too injured to fight recklessly!
You are too injured to fight recklessly!
Unknown command.
You closely miss Grinder.
Grinder is heavily wounded.
Grinder hits you.
You writhe in agony.
You take 10 damage, and have 15/45 hp.
MASSIVE DAMAGE!!
Unknown command.
You feel very mighty all of a sudden. Grinder gestures at you.
You suddenly lose the ability to move!
Grinder gestures at you. Pain shoots through your body!
* * * LOW HITPOINT WARNING * * *
Grinder hits you!
You die...

#.# #.# #.# #.#
#.########.#
#.##.......# ######
#....#####.# #..)..
####.# #.###
##.....#######.#####....
......)..(...#...##...##
#....5@........>#......
#.....#######..........
###.## ##.#....... #
##.##...... #..........
#..##.####. #..##.# #.
#..##.####. #..........


You could see Grinder.

Vanquished Creatures
  Jessica (D:2)
  5 adders
  4 gnolls
  An ooze (D:3)
  3 worms (D:2)
  3 dart slugs
  A leopard gecko (D:1)
  An orc (D:3)
  A giant cockroach (D:2)
  11 goblins
  9 hobgoblins
  3 jackals (D:2)
  3 quokkas (D:3)
  A ball python (D:3)
  10 bats
  2 frilled lizards
  4 kobolds
  8 rats
71 creatures vanquished.

Notes
Turn   | Place    | Note
-------+----------+-------------------------------------------
     0 | D:1      | Redear the Demigod Fighter began the quest for the Orb.
     0 | D:1      | Reached XP level 1. HP: 18/18 MP: 3/3
   223 | D:1      | Reached skill level 2 in Axes
   223 | D:1      | Reached XP level 2. HP: 19/25 MP: 4/4
   795 | D:2      | Found an opulent altar of Gozag.
   809 | D:2      | Reached skill level 3 in Fighting
   809 | D:2      | Reached skill level 3 in Armour
   809 | D:2      | Reached skill level 1 in Dodging
   809 | D:2      | Reached skill level 3 in Shields
   809 | D:2      | Reached XP level 3. HP: 21/31 MP: 5/5
   975 | D:2      | Noticed Jessica
  1489 | D:2      | Reached XP level 4. HP: 33/38 MP: 6/6
  1509 | D:2      | HP: 3/38 [Jessica/nerve-wracking pain (14)]
  1510 | D:2      | Killed Jessica
  2767 | D:2      | Reached XP level 5. HP: 31/45 MP: 7/7
  3232 | D:3      | Noticed Grinder
  3248 | D:3      | Paralysed by Grinder for 6 turns
  3250 | D:3      | Slain by Grinder

Levels and vault maps discovered:
D:1:      dpeg_arrival_chambers_temple_mockup, layout_loops_ring,
          dk_noncrumbling_4, roderic_filled_cross, glass_columns_a
D:2:      layout_rooms, nicolae_gozag_cash_rules_everything_around_me,
          first_ration, uniq_jessica
D:3:      layout_loops_ring, nicolae_overflow_hidden_temple,
          overflow_temple_1_default, uniq_grinder

Skill      XL: |  1  2 |
---------------+-------+-----
Axes           | 2 |  2.8
Fighting       | 3 |  3.4
Armour         | 3 |  3.5
Dodging        | 1 |  1.9
Shields        | 3 |  3.4

Action                   |  1- 3 |  4- 6 || total
-------------------------+-------+-------++-------
Melee: War axe           |   125 |   129 ||   254
  Use: Potion            |     1 |     3 ||     4
  Eat: Chunk             |     1 |     7 ||     8
Armor: Scale mail        |    70 |    69 ||   139
Dodge: Dodged            |    74 |    76 ||   150

Table legend:
 A = Non-vault XP
 B = Vault XP
 C = Vault XP percentage of total XP
 D = Non-vault monster count
 E = Vault monster count
 F = Vault count percentage of total count
                 A         B        C        D         E       F
            +---------+---------+-------+---------+---------+-------
      Total |     245 |      37 |  13.1 |      70 |       1 |   1.4
            +---------+---------+-------+---------+---------+-------
        D:1 |      34 |       0 |   0.0 |      18 |       0 |   0.0
        D:2 |     136 |      37 |  21.4 |      32 |       1 |   3.0
        D:3 |      75 |       0 |   0.0 |      20 |       0 |   0.0
            +---------+---------+-------+---------+---------+-------
